 Dungeon Sprint DCSS version 0.28-a0-224-g76b539d98b (webtiles) character file.

Game seed: 17514800905962064564

28 tbh1313 the Skirmisher (level 3, 0/35 HPs)
             Began as a Gnoll Wanderer on Aug 22, 2021.
             Slain by a human (3 damage)
             ... in the Dungeon (Sprint III: "The Ten Rune Challenge").
             The game lasted 00:00:54 (272 turns).

tbh1313 the Skirmisher (Gnoll Wanderer)              Turns: 272, Time: 00:00:55

Health: 0/35       AC:  3    Str: 11    XL:     3   Next: 12%
Magic:  7/7        EV: 12    Int: 14    God:
Gold:   0          SH:  0    Dex:  9    Spells: 7/8 levels left

rFire   . . .      SeeInvis .   a - +0 club
rCold   . . .      Faith    .   (no shield)
rNeg    . . .      Spirit   .   d - +0 leather armour
rPois   .          Reflect  .   (no helmet)
rElec   .          Harm     .   (no cloak)
rCorr   .          Rampage  .   (no gloves)
Will    .....      NoTele   +   (no boots)
Stlth   ++........              (no amulet)
HPRegen 0.11/turn               (no ring)
MPRegen 0.10/turn               (no ring)

@: on berserk cooldown, slowed, very slow
A: fangs 1, strong nose, distributed training
a: no special abilities


You were in the Dungeon.
You visited 1 branch

Inventory:

Hand Weapons
 a - a +0 club (weapon)
 e - a +0 dagger
Missiles
 b - 2 throwing nets (quivered)
Armour
 d - a +0 leather armour (worn)
Magical Staves
 k - a staff of cold
Scrolls
 j - a scroll of blinking
Potions
 c - 2 potions of curing
 g - a potion of haste
 h - 2 potions of magic


   Skills:
 + Level 6.8 Fighting
 + Level 1.8 Short Blades
 + Level 1.8 Long Blades
 + Level 1.8 Axes
 + Level 1.8 Maces & Flails
 + Level 1.8 Polearms
 + Level 1.8 Staves
 + Level 1.8 Slings
 + Level 1.8 Bows
 + Level 1.8 Crossbows
 + Level 1.8 Throwing
 + Level 1.8 Armour
 + Level 4.9 Dodging
 + Level 4.5 Stealth
 + Level 1.8 Shields
 + Level 1.8 Unarmed Combat
 + Level 3.3 Spellcasting
 + Level 1.4 Conjurations
 + Level 1.4 Hexes
 + Level 1.4 Summonings
 + Level 1.4 Necromancy
 + Level 4.0 Translocations
 + Level 1.4 Transmutations
 + Level 1.4 Fire Magic
 + Level 1.4 Ice Magic
 + Level 1.4 Air Magic
 + Level 1.4 Earth Magic
 + Level 1.4 Poison Magic
 + Level 2.0 Invocations
 + Level 1.8 Evocations


You had 7 spell levels left.
You knew the following spells:

 Your Spells              Type           Power      Damage    Failure   Level
a - Apportation           Tloc           26%        N/A       4%          1

Your spell library contained the following spells:

 Spells                   Type           Power      Damage    Failure   Level
 Lesser Beckoning         Tloc           6%         N/A       16%         3


Dungeon Overview and Level Annotations

Branches:
Dungeon (1/1)

Altars:


Innate Abilities, Weirdness & Mutations

You have very sharp teeth.
Your uncanny sense of smell can sniff out nearby items.
Your experience applies equally to all skills.


Message History

You miss the human.
The human is moderately wounded.
You barely miss the human.
The human is moderately wounded.
The human barely misses you.
You miss the human.
The human is moderately wounded.
The human completely misses you.
You miss the human.
The human is moderately wounded.
The human barely misses you.
You hit the human.
The human is moderately wounded.
You closely miss the human.
The human is moderately wounded.
The human barely misses you.
You thump the human!
The human is heavily wounded.
You are no longer berserk.
You are exhausted.
You feel yourself slow down. The human hits you but does no damage.
You barely miss the human.
The human is heavily wounded.
The human hits you. x2
You feel much better. The human hits you.
You hit the human.
The human is heavily wounded.
The human closely misses you. The human hits you.
You closely miss the human.
The human is heavily wounded.
The human closely misses you. The human hits you!
You hit the human but do no damage.
The human is heavily wounded.
The human hits you. The human misses you. The human hits you!
* * * LOW HITPOINT WARNING * * *
The human barely misses you.
You see here a rat corpse.
The human hits you.
You die...

▓▓▓▓▓▓▓▓▓
▓<..#)..####
▓...#......##
▓..##.......#∆∆
..#∆
▓##.##.##.).#∆∆ ..#
##.##.###@.# #..#
▓#.####.##p.# ...+
▓.###..##.W## #...#
▓#..†..##..###....#
###..##...##.....#
##..##....#......#
#..###..##.#.....#
∆ #..# #..
####....# ▓▓▓▓ ▓▓▓
▓▓▓▓▓


You could see a human and a phantom.

Levels and vault maps discovered:
D:        dungeon_sprint_mu [sprint_mu_entry_cave, sprint_mu_temple_rooms,
          sprint_mu_d1_spiders, sprint_mu_d2_genie, sprint_mu_d3_branching,
          sprint_mu_orc_legion, sprint_mu_elf_gauntlet, sprint_mu_hive_nellie,
          sprint_mu_lair_fedhas, sprint_mu_vaults_butterflies,
          sprint_mu_slime_circle, sprint_mu_swamp_cave, sprint_mu_shoals_kraken,
          sprint_mu_blade_basic, sprint_mu_crypt_chambers,
          sprint_mu_tomb_spiral, sprint_mu_vestibule_basic,
          sprint_mu_gehenna_hellfire, sprint_mu_dis_giant,
          sprint_mu_tartarus_statrot, sprint_mu_cocytus_islands, sprint_mu_zot1]

Notes
Turn   | Place    | Note
-------+----------+-------------------------------------------
     0 | D        | tbh1313 the Gnoll Wanderer began the quest for the Orb.
     0 | D        | tbh1313 set off with the following items: a +0 club, 4
                  | throwing nets, 2 potions of curing, a +0 leather armour, a
                  | +0 dagger, a potion of heal wounds, a potion of haste, 2
                  | potions of magic, a potion of berserk rage, a scroll of
                  | blinking; and the following spell memorised: Apportation;
                  | and the following spells available to memorise: Lesser
                  | Beckoning
     0 | D        | Reached XP level 1. HP: 23/23 MP: 4/4
   141 | D        | Noticed Jessica
   157 | D        | Killed Jessica
   158 | D        | Reached skill level 1 in Short Blades
   158 | D        | Reached skill level 1 in Long Blades
   158 | D        | Reached skill level 1 in Axes
   158 | D        | Reached skill level 1 in Maces & Flails
   158 | D        | Reached skill level 1 in Polearms
   158 | D        | Reached skill level 1 in Staves
   158 | D        | Reached skill level 1 in Slings
   158 | D        | Reached skill level 1 in Bows
   158 | D        | Reached skill level 1 in Crossbows
   158 | D        | Reached skill level 1 in Throwing
   158 | D        | Reached skill level 1 in Armour
   158 | D        | Reached skill level 1 in Shields
   158 | D        | Reached skill level 1 in Unarmed Combat
   158 | D        | Reached skill level 1 in Conjurations
   158 | D        | Reached skill level 1 in Hexes
   158 | D        | Reached skill level 1 in Summonings
   158 | D        | Reached skill level 1 in Necromancy
   158 | D        | Reached skill level 1 in Transmutations
   158 | D        | Reached skill level 1 in Fire Magic
   158 | D        | Reached skill level 1 in Ice Magic
   158 | D        | Reached skill level 1 in Air Magic
   158 | D        | Reached skill level 1 in Earth Magic
   158 | D        | Reached skill level 1 in Poison Magic
   158 | D        | Reached skill level 1 in Evocations
   158 | D        | Reached XP level 2. HP: 22/29 MP: 6/6
   158 | D        | Reached XP level 3. HP: 26/35 MP: 7/7
   268 | D        | HP: 2/35 [human (9)]
   272 | D        | Slain by a human

Table legend: (Time is in decaauts)
 A = Elapsed time spent in this place.
 B = Non-inter-level travel time spent in this place.
 C = Inter-level travel time spent in this place.
 D = Time resting spent in this place.
 E = Time spent auto-exploring this place.
 F = Levels seen in this place.
 G = Mean time per level.
                   A        B        C        D        E       F      G
               +--------+--------+--------+--------+--------+-----+--------+
         Total |    283 |    283 |      0 |    173 |     19 |   1 |  283.0 |
       Dungeon |    283 |    283 |      0 |    173 |     19 |   1 |  283.0 |
               +--------+--------+--------+--------+--------+-----+--------+

Top non-repeatable levels by time:
       D: 283 daAuts

Table legend:
 A = Kills in this place as a percentage of kills in entire the game.
 B = Kills by you in this place as a percentage of kills by you in the entire game.
 C = Kills by friends in this place as a percentage of kills by friends in the entire game.
 D = Other kills in this place as a percentage of other kills in the entire game.
 E = Experience gained in this place as a percentage of experience gained in the entire game.
 F = Experience gained in this place divided by the number of levels of this place that you have seen.
                   A       B       C       D       E      F
               +-------+-------+-------+-------+-------+----------------------
         Total | 100.0 | 100.0 |   N/A |   N/A | 100.0 |  40.0
       Dungeon | 100.0 | 100.0 |   N/A |   N/A | 100.0 |  40.0
               +-------+-------+-------+-------+-------+----------------------

Action                   || total
-------------------------++-------
Melee: Club              ||    44
       Bite              ||     2
Throw: Throwing net      ||     3
  Use: Potion            ||     2
 Stab: Sleeping          ||     1
Armor: Leather armour    ||    10
Dodge: Dodged            ||    27

Vanquished Creatures
  Jessica (D)
  3 rats (D)
4 creatures vanquished.

Vanquished Creatures (others)
  2 plants (D)
2 creatures vanquished.

Grand Total: 6 creatures vanquished
